 Dungeon Crawl Stone Soup version 0.19-a0-1655-gdd95918 (webtiles) character file.

178 AlphabetPasta the Ruffian (level 5, -5/46 HPs)
             Began as a Ghoul Fighter on Sept 20, 2016.
             Killed by divine providence
             ... invoked by an orc priest
              (8 damage)
             ... on level 3 of the Dungeon.
             The game lasted 00:14:38 (2663 turns).

AlphabetPasta the Ruffian (Ghoul Fighter)           Turns: 2663, Time: 00:14:39

Health: -5/46      AC:  9    Str: 20    XL:     5   Next: 58%
Magic:  4/4        EV:  7    Int:  4    God:
Gold:   142        SH:  9    Dex:  8    Spells: 0 memorised, 4 levels left

rFire  . . .     SeeInvis .       - Unarmed
rCold  + . .     Gourm    .     a - +0 scale mail
rNeg   + + +     Faith    .     b - +0 shield
rPois  ∞         Spirit   .     (no helmet)
rElec  .         Dismiss  .     j - +0 cloak
rCorr  .         Reflect  .     l - +0 pair of gloves (curse)
MR     .....     Harm     .     (no boots)
Stlth  ..........               (no amulet)
                                (no ring)
                                (no ring)

@: rotting
A: rotting body, claws 1, carnivore 3, cold resistance 1, negative energy
resistance 3, slow regeneration 1, torment resistance, unbreathing
a: no special abilities


You were on level 3 of the Dungeon.
You were not hungry.

You visited 1 branch of the dungeon, and saw 3 of its levels.

You collected 142 gold pieces.

Inventory:

Armour
 a - a +0 scale mail (worn)
 b - a +0 shield (worn)
 j - a +0 cloak (worn)
 l - a cursed +0 pair of gloves (worn)
Jewellery
 w - an uncursed amulet of magic regeneration {unknown}
Wands
 o - a wand of random effects (14/48)
 v - a wand of paralysis (7/24)
Scrolls
 k - a scroll of immolation {unknown}
 n - 2 scrolls of blinking {unknown}
 r - a scroll of enchant armour {unknown}
 s - a scroll of amnesia {unknown}
 t - a scroll of fog {unknown}
 u - a scroll of teleportation {unknown}
 x - a scroll of remove curse {unknown}
 y - a scroll of identify {unknown}
Potions
 c - a potion of might
 e - a potion of curing
 h - a potion of lignification {unknown}
 i - 2 potions of degeneration {unknown}
 m - a potion of cure mutation {unknown}
 q - a potion of heal wounds {unknown}
 z - a potion of mutation {unknown}
Comestibles
 d - a meat ration
 f - a beef jerky
 g - a royal jelly
 p - 8 chunks of flesh


   Skills:
 + Level 3.8 Fighting
 + Level 1.0 Throwing
 + Level 3.1 Armour
 + Level 1.6 Dodging
 + Level 3.3 Shields
 * Level 4.0 Unarmed Combat


You had 4 spell levels left.
You didn't know any spells.

Dungeon Overview and Level Annotations

Branches:
Dungeon (3/15)

Altars:
Nemelex Xobeh
Xom


Innate Abilities, Weirdness & Mutations

Your body is rotting away.
You thrive on raw meat.
You are immune to poison.
You have sharp fingernails.
You are carnivorous and can eat meat at any time.
Your flesh is cold resistant. (rC+)
You are immune to negative energy. (rN+++)
You regenerate slowly when monsters are visible.
You are immune to unholy pain and torment.
You can survive without breathing.


Message History

You are unaffected.
You hit the orc priest.
The orc priest is severely wounded.
The orc priest begins to cast a cantrip, but forgets the words!
Your shield and scale mail prevent you from hitting the orc priest.
The orc priest is severely wounded.
You barely miss the orc priest.
The orc priest is severely wounded.
The orc priest hits you with a dagger.
* * * LOW HITPOINT WARNING * * *
The orc shouts!
You hit the orc priest.
The orc priest is almost dead.
The orc priest hits you with a dagger.
* * * LOW HITPOINT WARNING * * *
You hit the orc priest but do no damage.
The orc priest is almost dead.
The orc priest invokes the aid of Beogh against you.
Beogh smites you!
You die...

. ... .....####### #####
.....oo@†..# #...####
.....o####)## #......#
###'#..##....# #......#
#.....o.o....# #......#
#<.......(..)####......##
#........................
######............####.#......
#..........<.........#.#.(....
#..............#...#.#.#####..


You could see an orc priest and 2 orcs.

Vanquished Creatures
  An orc wizard (D:3)
  Terence (D:2)
  5 adders
  An ooze (D:1)
  3 dart slugs
  4 orcs (D:3)
  3 giant cockroaches
  6 goblins
  10 hobgoblins
  2 jackals (D:1)
  2 quokkas
  5 ball pythons
  12 bats
  8 kobolds
  9 rats
72 creatures vanquished.

Notes
Turn   | Place    | Note
-------+----------+-------------------------------------------
     0 | D:1      | AlphabetPasta the Ghoul Fighter began the quest for the Orb.
     0 | D:1      | Reached XP level 1. HP: 19/19 MP: 0/0
    96 | D:1      | Reached XP level 2. HP: 25/26 MP: 1/1
   366 | D:1      | Reached XP level 3. HP: 31/31 MP: 2/2
   958 | D:1      | Reached skill level 1 in Dodging
  1331 | D:2      | Found a shimmering altar of Xom.
  1511 | D:2      | Reached skill level 3 in Unarmed Combat
  1561 | D:2      | Reached XP level 4. HP: 39/40 MP: 3/3
  1715 | D:2      | Noticed Terence
  1735 | D:2      | Killed Terence
  1936 | D:2      | Reached XP level 5. HP: 32/46 MP: 4/4
  2287 | D:2      | Found a sparkling altar of Nemelex Xobeh.
  2577 | D:3      | Reached skill level 4 in Unarmed Combat
  2617 | D:3      | Reached skill level 1 in Throwing
  2663 | D:3      | Killed from afar by an orc priest

Vault maps used:
D:1:      lightli_arrival_statue_moat, minmay_tall_x
D:2:      xom_butterflies, lemuel_round_altar, uniq_terence
D:3:      kiku_gazebo_pond_becter

Skill      XL: |  1  2  3  4  5 |
---------------+----------------+-----
Dodging        | 1 |  1.6
Shields        | 3 |  3.3
Unarmed Combat | 3 4 |  4.0
Armour         | 3 |  3.1
Throwing       | 1 |  1.0
Fighting       | |  3.8

Action                   |  1- 3 |  4- 6 || total
-------------------------+-------+-------++-------
Melee: Unarmed           |   182 |   237 ||   419
Evoke: Wand              |       |     1 ||     1
  Eat: Chunk             |    27 |    25 ||    52
Armor: Scale mail        |    64 |    79 ||   143
Dodge: Dodged            |    50 |    49 ||    99
Block: Shield            |    75 |    80 ||   155
